Cogmind - Beta 16 @@@ ROGUE MODE // 2025.10.27 @ 02:30:28 Player: Cereal Killer Result: Destroyed by YI-UF0 with YI-UF0's Doublenader Performance ------------- Evolutions (0) 0 Regions Visited (2) 400 Robots Destroyed (28) 140 Value Destroyed (491) 491 Prototype IDs (1) 20 Alien Tech Used (0) 0 Bonus (-87) -87 TOTAL SCORE: 964 Bonus ------- Friendly Fire -87 Cogmind --------- Core Integrity 0/250 Matter 280/300 Energy 98/100 System Corruption 1% Temperature Cool (0) Movement Core (200) Ox3 Location -10/Mines Parts ------- > --- POWER (1) -------- (None) > --- PROPULSION (2) --- (None) > --- UTILITY (2) ------ Small Storage Unit > --- WEAPON (2) ------- Improved Assault Rifle Improved Assault Rifle > --- INVENTORY (8) ---- Light Nuclear Core Wheel Compact Wheel Structural Scanner Improved Terrain Scanner Improved Light Armor Plating Hacking Suite Improved Assault Rifle Peak State ------------ > --- POWER ------------ Ion Engine > --- PROPULSION ------- Aluminum Leg Aluminum Leg > --- UTILITY ---------- Improved Heat Sink Small Storage Unit > --- WEAPON ----------- Improved Assault Rifle Improved Assault Rifle > --- INVENTORY -------- Light Ion Engine Light Nuclear Core Light Treads Wheel Wheel Compact Wheel Hacking Suite Medium Laser [Rating: 14] Favorites ----------- Power Ion Engine Engine Ion Engine Propulsion Aluminum Leg Treads Light Treads Leg Aluminum Leg Wheel Wheel Utility Small Storage Unit Device Improved Heat Sink Storage Small Storage Unit Weapon Improved Assault Rifle Ballistic Gun Improved Assault Rifle Build | -11 -10 -10 ------- Run | Yrd Mat Min Slots Evolved . | . . . Power . | . . . Propulsion . | . . . Utility . | . . . Weapon . | . . . Parts Attached 16 | 8 8 . Power 2 | 1 1 . Engine 2 | 1 1 . Core . | . . . Reactor . | . . . Propulsion 6 | 4 2 . Treads 2 | . 2 . Leg 2 | 2 . . Wheel 2 | 2 . . Hover . | . . . Flight . | . . . Utility 3 | 1 2 . Device 2 | . 2 . Storage 1 | 1 . . Processor . | . . . Hackware . | . . . Protection . | . . . Artifact . | . . . Weapon 5 | 2 3 . Energy Gun . | . . . Energy Cannon . | . . . Ballistic Gun 5 | 2 3 . Ballistic Cannon . | . . . Launcher . | . . . Special Weapon . | . . . Impact Weapon . | . . . Slashing Weapon . | . . . Piercing Weapon . | . . . Special Melee Weapon . | . . . Unidentified Prototypes 1 | . 1 . Parts Lost 5 | . 1 4 Power 1 | . . 1 Propulsion 2 | . . 2 Utility 2 | . 1 1 Weapon . | . . . Highest Loss Streak 4 | . 1 4 To Critical Strikes . | . . . Average Backups 7 | 3 7 7 Power 1 | 1 1 1 Propulsion 3 | 2 4 2 Utility 1 | . . 2 Weapon 1 | . 1 1 Tool/Special . | . . . Unused Backups 10 | . 2 8 Power 3 | . 1 2 Propulsion 1 | . . 1 Utility 4 | . . 4 Weapon 2 | . 1 1 Tool/Special . | . . . Average Slot Usage (%) 96 | . 94 98 Engine 13 | . 14 13 Treads 5 | . 10 . Leg 22 | . 17 27 Device 11 | . 9 13 Storage 14 | . 14 14 Ballistic Gun 27 | . 27 28 Peak Build Rating 14 | 6 14 14 Average Rating 10 | 3 9 13 On Entrance 6 | . 6 14 Avg Prop Armor Cover (%) . | . . . Naked Turns . | . . . Heaviest Build 17 | 13 17 17 Greatest Support 40 | 26 40 20 Greatest Overweight (x) 1 | . 1 . Average Overweight (x) . | . . . Largest Inventory Capacity 8 | 8 8 8 Average Capacity 7 | 6 8 8 Most Carried 8 | 7 8 8 Average Carried 7 | 4 7 7 Final Capacity 8 | 8 8 8 Final Carried 8 | 6 7 8 Class Distribution -------------------- 100% | Mutant Dominant Class ---------------- Mutant | -10/Materials Mutant | -10/Mines Resources | -11 -10 -10 ----------- Run | Yrd Mat Min Matter Collected 804 | 183 394 227 Remotely . | . . . Salvage Created 786 | . 578 208 Parts 59 | . 39 20 Haulers Intercepted 2 | . 2 . Recyclers Shooed . | . . . Parts Field Recycled . | . . . Retrieved Matter . | . . . Parts Self-Destructed . | . . . Prevented . | . . . Parts Restored . | . . . Kills | -11 -10 -10 ------- Run | Yrd Mat Min Combat Hostiles Destroyed 18 | . 12 6 Guns 18 | . 12 6 Classes Destroyed 8 | . 6 2 Worker 1 | . 1 . Builder 1 | . . 1 Tunneler 3 | . 1 2 Hauler 2 | . 2 . Recycler 1 | . . 1 Operator 2 | . 2 . Swarmer 9 | . 3 6 Grunt 9 | . 9 . Best Kill Streak 5 | . 5 4 Combat Bots Only 4 | . 4 3 Max Kills in Single Turn 2 | . 1 2 Gunslinging 1 | . . 1 Exploded . | . . . Melee . | . . . Uniques/NPCs Destroyed . | . . . Combat | -11 -10 -10 -------- Run | Yrd Mat Min Hostile Shots Fired 97 | . 64 33 Missed 23 | . 16 7 Hits 74 | . 48 26 Projectile 74 | . 48 26 AOE 15 | . . 15 Critical Strikes 1 | . 1 . Damage Taken 1161 | . 572 589 Core 253 | . 105 148 Absorbed by Shields . | . . . Core Remaining (%) 100 | 100 . . Volleys Fired 93 | . 72 21 Largest 2 | . 2 2 Hottest 46 | . 46 46 Shots Fired 186 | . 144 42 Gun 186 | . 144 42 Cannon . | . . . Launcher . | . . . Special . | . . . Kinetic 186 | . 144 42 Thermal . | . . . Explosive . | . . . Electromagnetic . | . . . Robot Hit Streak 14 | . 14 11 Robot Miss Streak 4 | . 4 3 Penetration Max . | . . . Secondary Targets 4 | . 3 1 Max Gunslinging Chain 1 | . 1 1 Shots Hit Robots 116 | . 88 28 Core Hits 49 | . 37 12 Critical Kills . | . . . Critical Parts Destroyed . | . . . Critical Strikes . | . . . Melee Attacks . | . . . Impact . | . . . Slashing . | . . . Piercing . | . . . Sneak Attacks . | . . . Combat Hostiles . | . . . Follow-up Attacks . | . . . Damage Inflicted 1462 | . 1016 446 Guns 1462 | . 1016 446 Cannons . | . . . Explosions . | . . . Melee . | . . . Ramming . | . . . Kinetic 1462 | . 1016 446 Thermal . | . . . Explosive . | . . . Electromagnetic . | . . . Impact . | . . . Slashing . | . . . Piercing . | . . . Highest Corruption 1 | . 1 1 Average Corruption 1 | . 1 1 Corruption Purged . | . . . Corruption Blocked . | . . . Effects 9 | . 1 8 Message Errors 3 | . . 3 Matter Fused 2 | . 1 1 Heat Flow Errors 1 | . . 1 Energy Discharges 1 | . . 1 Parts Fused 1 | . . 1 Data Loss (minor) 1 | . . 1 Overload Shots . | . . . Overflow Damage . | . . . Projectiles . | . . . Explosions . | . . . Melee . | . . . Knockbacks . | . . . Impact . | . . . Kinetic . | . . . Secondary . | . . . Self-Inflicted Damage . | . . . Shots . | . . . Rammed . | . . . Targets Rammed . | . . . Kicked . | . . . Crushed . | . . . Highest Temperature 225 | . 27 225 Average Temperature 26 | . 9 127 Received Heat Transfer 297 | . 297 . Siege Activations . | . . . Martial Activations . | . . . Shielding Activations . | . . . Robots Disrupted . | . . . Combat Hostiles . | . . . Robots Corrupted . | . . . Combat Hostiles . | . . . Parts Fried . | . . . Impact Corruptions . | . . . Robots Melted . | . . . Combat Hostiles . | . . . Parts Melted . | . . . Heat Transferred . | . . . Parts Sabotaged . | . . . Parts Stolen . | . . . Parts Stripped . | . . . Power Chain Reactions . | . . . Alert | -11 -10 -10 ------- Run | Yrd Mat Min Maximum Alert Level . | . . . Low Security (%) 100 | 100 100 100 Level 1 . | . . . Level 2 . | . . . Level 3 . | . . . Level 4 . | . . . Level 5 . | . . . High Security . | . . . Max Security . | . . . Peak Influence 147 | . 147 85 Initial 36 | . . 36 Average 55 | . 83 26 Influence Increases 559 | . 384 175 Destroy 0b10 Robot/C 360 | . 240 120 Destroy 0b10 Robot/NC 50 | . 30 20 Destroy Leader 74 | . 54 20 Successful Hack 15 | . 15 . Lose Combat Pursuer 60 | . 45 15 Influence Decreases 559 | . 290 269 Entered New Map 58 | . . 58 Time Decay 491 | . 280 211 Lost Part 10 | . 10 . Squads Dispatched 3 | . 3 . Investigation 1 | . 1 . Extermination . | . . . Reinforcement 2 | . 2 . Assault . | . . . Garrison . | . . . Intercept . | . . . Searches Triggered . | . . . Construction Impeded . | . . . Haulers Reinforced . | . . . Active Scanning Responses . | . . . Cargo Convoy Interrupts . | . . . Stealth | -11 -10 -10 --------- Run | Yrd Mat Min Distress Signals 1 | . 1 . Communications Jammed . | . . . Distress Signals . | . . . Times Spotted 32 | . 24 8 Peak Tracking Total 6 | . 6 3 Tactical Retreats 3 | . 2 1 Traps | -11 -10 -10 ------- Run | Yrd Mat Min Traps Triggered 3 | . 2 1 Indirectly . | . . . Trap Hack Attempts . | . . . Triggered . | . . . Disarmed . | . . . Reprogrammed . | . . . Reused . | . . . Traps Extracted . | . . . Installed . | . . . Triggered . | . . . Machines | -11 -10 -10 ---------- Run | Yrd Mat Min Machines Disabled . | . . . Max in Single Turn . | . . . Machines Repaired . | . . . Machines Dismantled . | . . . Machines Sabotaged . | . . . Overloaded Fab Kills . | . . . Hacking | -11 -10 -10 --------- Run | Yrd Mat Min Machines Accessed 4 | . 3 1 Terminals 3 | . 3 . Fabricators . | . . . Repair Stations . | . . . Recycling Units . | . . . Scanalyzers . | . . . Garrison Access . | . . . Total Hacks 12 | . 11 1 Successful 4 | . 3 1 Failed 7 | . 7 . Catastrophic 1 | . 1 . Database Lockouts 1 | . 1 . Manual 4 | . 4 . Terminals 11 | . 11 . Fabricators . | . . . Repair Stations . | . . . Recycling Units . | . . . Scanalyzers . | . . . Garrison Access . | . . . Terminal Hacks 3 | . 2 1 Robot Analysis 1 | . 1 . Open Door 1 | . . 1 Locate Traps 1 | . 1 . Fabricator Hacks . | . . . Repair Station Hacks . | . . . Recycling Unit Hacks . | . . . Scanalyzer . | . . . Garrison Access Hacks . | . . . Unauthorized Hacks 1 | . 1 . Terminals 1 | . 1 . Botnet 1 | . 1 . Fabricators . | . . . Repair Stations . | . . . Recycling Units . | . . . Scanalyzers . | . . . Garrison Access . | . . . Data Cores Recovered . | . . . Used . | . . . Hacking Detections 2 | . 2 . Full Trace Events 1 | . 1 . Feedback Events 1 | . 1 . Corruption 1 | . 1 . Feedback Blocked . | . . . Robot Schematics Acquired . | . . . Robots Built . | . . . Authchips . | . . . Time . | . . . Total Robot Build Rating . | . . . Part Schematics Acquired . | . . . Parts Built . | . . . Authchips . | . . . Time . | . . . Total Part Build Rating . | . . . Part Studies Acquired . | . . . Parts Repaired . | . . . Time . | . . . Parts Recycled . | . . . Recycled Matter . | . . . Retrieved Matter . | . . . Retrieved Components . | . . . Parts Scanalyzed . | . . . Part Schematics Acquired . | . . . Parts Damaged . | . . . Bothacking | -11 -10 -10 ------------ Run | Yrd Mat Min Used RIF Installer . | . . . Robots Hacked . | . . . Non-combat . | . . . Combat . | . . . Robot Hacks Applied . | . . . Relay Couplers Released . | . . . Fabnet Peak Effective % . | . . . Robots Rewired . | . . . Allies Hacked . | . . . Hacks Repelled . | . . . Allies | -11 -10 -10 -------- Run | Yrd Mat Min Total Allies . | . . . Largest Group . | . . . Highest-Rated Group . | . . . Highest-Rated Ally . | . . . Total Orders . | . . . Ally Attacks . | . . . Total Damage . | . . . Kills . | . . . Allies Corrupted . | . . . Allies Melted . | . . . Intel | -11 -10 -10 ------- Run | Yrd Mat Min Active Infowar (turns) 101 | . 101 . Terrain 101 | . 101 . Robot Analysis Total 1 | . 1 . Derelict Logs Recovered 2 | . . 2 Drone Launches . | . . . Drone Recoveries . | . . . Exploration | -11 -10 -10 ------------- Run | Yrd Mat Min Turns Passed 1332 | 52 694 586 Spaces Moved 815 | 34 359 422 Core 4 | 4 . . Treads 69 | . 69 . Legs 713 | 1 290 422 Wheels 29 | 29 . . Hover . | . . . Flight . | . . . Fastest Speed 50 | 50 120 120 Average Speed 122 | 86 127 120 Slowest Speed 190 | 120 190 120 Overloaded Moves . | . . . Propulsion Burnouts . | . . . Robots Hopped . | . . . Potential Cave-ins . | . . . Cave-ins Triggered . | . . . Exploration Rate (%) 48 | 3 72 71 Regions Visited 2 Branch Regions 1 Pre-discovered Areas . | . . . Known Exits Taken . | . . . Unknown Exits Taken 2 | 1 1 . Scrap Searched 1 | . . 1 Spaces Dug . | . . . Terrain Destroyed . | . . . Melee . | . . . Projectile . | . . . AOE . | . . . Terrain Rammed . | . . . Walls Destroyed . | . . . Machines Disabled . | . . . Actions | -11 -10 -10 --------- Run | Yrd Mat Min Total 982 | 55 464 463 Wait 23 | 2 6 15 Move 813 | 33 358 422 Hop . | . . . Pick Up 23 | 12 8 3 Fast Attach 5 | . 5 . Attach 8 | 6 2 . Detach . | . . . Swap 8 | 2 6 . Drop 9 | . 7 2 Fire 93 | . 72 21 Melee . | . . . Ram . | . . . Kick . | . . . Crush . | . . . Escape Stasis . | . . . Rewire . | . . . Trap . | . . . Miscellaneous . | . . . Route ------- -11/Scrapyard -10/Materials (discovered 3 exits: [*Mat x2] / *Min) -10/Mines (discovered 2 exits: [*Mat x2]) History --------- Turn | Location | Event 25 | -11/Scrapyard | Discovered new exit (range 15) 53 | -11/Scrapyard | Entered Materials 302 | -10/Materials | Build established: Mutant 465 | -10/Materials | Central database locked down 557 | -10/Materials | Discovered new exit (range 4) 673 | -10/Materials | Discovered new exit (range 16) 728 | -10/Materials | Discovered new exit (range 16) 747 | -10/Materials | Entered Mines 782 | -10/Mines | Learned 8 Materials zone layouts 824 | -10/Mines | Discovered new exit (range 5) 894 | -10/Mines | Discovered new exit (range 16) 1137 | -10/Mines | Met a Derelict who couldn't figure out how to use a Trap Extractor 1138 | -10/Mines | Core integrity fell below 50% 1184 | -10/Mines | Learned Materials garrison access intel 1328 | -10/Mines | Core integrity fell below 20% 1333 | -10/Mines | Destroyed by YI-UF0 with YI-UF0's Doublenader Last Messages --------------- 01161_ U-05 Engineer builds a Wall. 01167_ U-05 Engineer lays Concrete. 01184_ Acquired derelict log, extracted data. Data stored: Materials garrison access intel. 01198_ System corrupted: Energy discharge (-75). 01236_ K-01 Serf collects debris. 01260_ T-07 Excavator destroyed. 01263_ Acquired 13 matter. 01305_ YI-UF0 mumbles something. 01319_ Imp. Heat Sink destroyed. 01319_ Ion Engine destroyed. 01319_ R-06 Scavenger destroyed. 01319_ YI-UF0: "BOOM!" 01319_ T-07 Excavator destroyed. 01320_ YI-UF0: "BOOM TO YOU TOO!" 01321_ Aluminum Leg destroyed. 01327_ YI-UF0 mumbles something. 01330_ The unstable cave ceiling collapses. 01331_ Aluminum Leg destroyed. 01333_ Destroyed Shock Absorption System. Map ----- +----------------------------------------------------+ | ????# #????????# #??????????## | | ????# #????????# #?????????## | | ????# ##???????## ########### | | ????# ###????????# ! | | ????# ##??????????# ####### ### # | | ????# ##???????#####[#?????# #?## ## | | ????# #????????# #?????# #??# ###? | | ????# ##???????# ####?????# #??# #??? | | ???## ##??????# #????????# #??# #??? | | ???# % #?????## #???????? #??# #??? | | ???# ##???## #????????###??# #??? | | ???## #???# #?????????????# #??? | | ????## ## #??# ## #??????????# #??? | | ?????# #?# #?# #??????????# #??? | | ?????# #?? ### #####??????????# ??? | | ?????# #??# ### ##????????????? ??? | | ???### #???#### #????????????? ??? | | ??## #????## #????????????? ??? | | ??# #???## % ##????????????? ###??? | | ??# #???# ##??????????????#?????? | | ??## ##??# #?????????????????????? | | ???# ##?## g ###???????????????????? | | ???# ##### #???????????????????? | | ???# ## #???????????????????? | | ???## ## ##### #?????????##??? | | ????## ## <% @ = ??? ??? | | ?????# ### # ######??????????# ??? | | ?????# ##### ######??????????# ??? | | ?????## ### ##????????## ??? | | ??????###?# ##???????# ### | | ??????????# ########## #????????# | | ??????????# #???????## #???####?## | | ?????????## #??????## #???# !### | | ????????## #??????# """ #??## ! =# # | | ????????# #??????# """ ##??# [^ # | | ????????# ##?????# """ ##????# ! * # | | ????????## ##????## #????## !# | | ?????????## #?????##### #????# ## | | ??????????# ########### #????## ## # | | ?????????## =#?????#### ## | | ?????????# ###########%#???????##[ * #? | | ?????????# ##?????????#!#?####??# ==%#? | | ?????????# ##??????????# ### #### ##? | | ????????## ##????####???# ## ## ##?? | | ????????# #????##!%##### ###??? | | ????????## #????# *=|+ ### ##????? | | ?????????## #???# =######?## ##?????? | | ??????##### #???# ####???????# #??????? | | ??????# ###???????????????## ##??????? | | ??????# ### #????????????????# #???????? | +----------------------------------------------------+ Best States ------------- Heat Dissipation 39 Energy Generation 10 Energy Capacity 250 Matter Stores 300 Matter Capacity 300 Sight Range 16 Terrain Scan Range 14 Terrain Scan Density 10 Evasion (%) 55 Recoil Reduction 2 Item Schematics ----------------- None Robot Schematics ------------------ None Fabricated ------------ Nothing Repaired ---------- Nothing Studied --------- None Alien Tech Used ----------------- None Achievements -------------- None Challenges ------------ None Game ------ Seed HeatSmallBeamcaster Manual? 0 Play Time 00:12:29 Cumulative 306.1 hours Start 2025.10.27 @ 02:20:16 End 2025.10.27 @ 02:30:28 Sessions 1 Manual Loads 0 Difficulty Rogue Special Mode None Game No. 234 Rogue 225 Adventurer 9 Explorer 0 Win Type - Total 3 Types 2/0/0/1/0/0/0/0/0/0 Lore% 86 Gallery% 73 Achievement% 42 Wizard Run 0 Options --------- Layout 1 ASCII 0 Keyboard 0 Movement Numpad Keybinds 0 Fullscreen 1 Font 24/Smallcaps Map View 50x35 Zoom Use 0% Tactical HUD 1 Map Filters NONE Filters NONE Steam 1 RUN: 95ec6550-9517-4716-b453-c49db53579bc